AoeStats
← Chiripa605

Black Forest

505521453Analyzed
4v4 RM · 22d ago on Sep 9, 2026· 41m 4s· 8 players
Game mode
Random Map
Map size
Large (8 player)
Population
200
Speed
Normal
Resources
Standard
Victory
Conquest
Starting age
Dark Age
Ending age
Imperial Age
RankedLock teamsTeams togetherTeam positionsShared explorationLock speedFull tech treeHidden civsTurbo modeCheats
Victory
Defeat
🇨🇱 Japanese · Chile
1258
+11
🇺🇸 Bohemians · United States
1212
+13
🇺🇦 Italians · Ukraine
1201
+14
🇺🇸 Koreans · United States
1197
+14
🇬🇧 Maya · United Kingdom
1215
-16
🇳🇴 Britons · Norway
1212
-15
🇳🇴 Turks · Norway
1093
-11
🇳🇴 Persians · Norway
1073
-10
Chiripa605
0:43 Loom
11:18 Feudal Age
16:06 Castle Age
14:19 Double-Bit Axe
17:04 Bow Saw
19:03 Fletching
21:30 Horse Collar
23:31 Town Watch
25:06 Heavy Plow
27:16 Bodkin Arrow
28:17 Eupseong
32:35 Imperial Age
31:01 Ballistics
32:16 Gold Mining
32:17 Stone Mining
34:37 Chemistry
34:44 Wheelbarrow
35:26 Conscription
36:27 Two-Man Saw
36:32 Bracer
37:54 Hand Cart
37:56 Arrowslits
38:32 Husbandry
39:35 Masonry
40:27 Murder Holes
40:59 Elite War Wagon
Морозець
0:29 Loom
10:54 Feudal Age
11:23 Double-Bit Axe
11:20 Horse Collar
20:48 Castle Age
20:47 Stone Mining
22:01 Heavy Plow
22:12 Bow Saw
26:03 Gold Mining
31:26 Imperial Age
30:26 Wheelbarrow
30:20 Caravan
30:43 Silk Road
33:07 Chemistry
32:11 Padded Archer Armor
32:44 Conscription
32:36 Pirotechnia
35:17 Two-Man Saw
38:13 Leather Archer Armor
38:34 Thumb Ring
Planck Walk
1:17 Loom
11:50 Feudal Age
16:04 Castle Age
14:34 Double-Bit Axe
18:33 Bow Saw
21:53 Wheelbarrow
22:19 Horse Collar
23:31 Heavy Plow
24:51 Hand Cart
25:56 Caravan
31:12 Imperial Age
28:44 Town Watch
29:12 Forging
29:02 Scale Mail Armor
29:31 Scale Mail Armor
31:29 Iron Casting
31:09 Chain Mail Armor
30:19 Pikeman
30:59 Squires
31:16 Halberdier
33:06 Chemistry
34:04 Blast Furnace
33:45 Plate Mail Armor
36:02 Siege Engineers
35:39 Treadmill Crane
36:35 Houfnice
40:08 Conscription
Shisui
9:52 Feudal Age
9:56 Man-at-Arms
10:23 Double-Bit Axe
12:53 Horse Collar
22:19 Castle Age
23:28 Bow Saw
23:30 Heavy Plow
23:30 Fletching
24:42 Stone Mining
24:46 Gold Mining
26:08 Wheelbarrow
25:20 Town Watch
26:18 Stone Mining
30:56 Imperial Age
28:13 Loom
30:14 Bodkin Arrow
31:39 Scale Mail Armor
32:29 Conscription
33:02 Squires
32:48 Arson
35:09 Chain Mail Armor
35:54 Forging
38:25 Plate Mail Armor
38:51 Iron Casting
40:24 Two-Man Saw
38:54 Pikeman
40:55 Halberdier
42:42 Blast Furnace
TheM
1:31 Loom
10:59 Feudal Age
17:33 Castle Age
16:28 Double-Bit Axe
16:27 Horse Collar
18:29 Gold Mining
23:28 Stone Mining
25:12 Wheelbarrow
25:26 Town Watch
26:09 Bow Saw
28:34 Heavy Plow
29:55 Hand Cart
30:57 Fletching
32:31 Gold Shaft Mining
31:55 Bodkin Arrow
32:09 Padded Archer Armor
33:32 Ballistics
32:53 Treadmill Crane
33:09 Murder Holes
33:24 Masonry
33:50 Ballistics
36:51 Imperial Age
35:50 Leather Archer Armor
35:36 Scale Mail Armor
35:33 Treadmill Crane
35:49 Murder Holes
36:04 Masonry
36:40 Crossbowman
36:40 Elite Skirmisher
37:42 Chain Mail Armor
37:30 Arbalester
38:21 Squires
39:37 Heavy Scorpion
Simba
15:12 Feudal Age
16:04 Double-Bit Axe
16:01 Horse Collar
16:13 Gold Mining
18:54 Castle Age
19:48 Bow Saw
19:45 Heavy Plow
20:23 Gold Shaft Mining
28:46 Imperial Age
29:21 Wheelbarrow
28:32 Town Watch
28:33 Loom
30:26 Forging
30:18 Scale Mail Armor
30:24 Scale Barding Armor
30:21 Scale Mail Armor
31:49 Town Patrol
32:36 Husbandry
32:47 Bloodlines
31:58 Heavy Camel Rider
35:08 Hand Cart
Aspenlands
0:29 Loom
14:51 Feudal Age
17:30 Horse Collar
19:38 Double-Bit Axe
25:24 Castle Age
23:52 Stone Mining
25:09 Fletching
26:46 Stone Shaft Mining
27:18 Padded Archer Armor
27:14 Gold Mining
29:20 Heavy Plow
29:37 Bow Saw
32:00 Coinage
33:19 Leather Archer Armor
34:41 Bodkin Arrow
40:57 Wheelbarrow
Haakon
11:31 Feudal Age
15:56 Castle Age
14:11 Double-Bit Axe
14:27 Horse Collar
20:49 Heavy Plow
21:44 Bloodlines
22:14 Bow Saw
23:10 Wheelbarrow
23:35 Husbandry
24:17 Scale Barding Armor
25:27 Forging
26:02 Chain Barding Armor
27:50 Iron Casting
27:41 Hand Cart
30:44 Gold Mining
35:23 Imperial Age
33:36 Loom
33:41 Town Watch
34:21 Ballistics
34:43 Stone Mining
35:09 Masonry
34:55 Murder Holes
35:04 Scale Mail Armor
34:27 Pikeman
35:08 Squires
35:49 Gold Shaft Mining
37:00 Chemistry
36:32 Architecture
35:42 Cavalier
38:01 Plate Barding Armor
41:12 Conscription
41:42 Crop Rotation
Connection lost

Rejoining the realm…

Still unreachable

The connection could not be restored.

Session expired

The server has moved on; the page needs a fresh start.